 Dungeon Crawl Stone Soup version 0.31-a0-1278-g11c5b68f87 (webtiles) character file.

Game seed: 3071039670881292562

119633 BlackBloode the Stormcaller (level 16, -15/96 HPs)
             Began as a Deep Elf Conjurer on Dec 17, 2023.
             Was the Champion of Vehumet.
             Demolished by a +0 eveningstar of freezing (27 damage)
             ... on level 2 of the Elven Halls.
             The game lasted 01:17:17 (28181 turns).

BlackBloode the Stormcaller (Deep Elf Conjurer)    Turns: 28181, Time: 01:17:22

Health: -15/96     AC: 13    Str:  8    XL:     16   Next: 28%
Magic:  4/39       EV: 14    Int: 38    God:    Vehumet [******]
Gold:   1037       SH:  7    Dex: 17    Spells: 8/49 levels left

rFire   + . .        b - +11 hammer "Gram" {spect, rElec Str+4 Dex+4 Stlth+}
rCold   . . .        O - +1 buckler
rNeg    . . .        u - +2 robe {rF+}
rPois   .            x - +2 helmet {SInv}
rElec   +            j - +2 cloak
rCorr   .            (no gloves)
SInv    +            v - +2 pair of boots
Will    +....        k - amulet of regeneration
Stlth   ++           N - +6 ring of intelligence
HPRegen 1.16/turn    M - ring of flight
MPRegen 0.26/turn

%: no passive effects
@: on fire, flying, hasted, glowing, very quick
A: mutation resistance 1, inability to read after injury 1
a: Renounce Religion


You were on level 2 of the Elven Halls.
You worshipped Vehumet.
Vehumet was exalted by your worship.
You visited 5 branches of the dungeon, and saw 20 of its levels.
You also visited: Bailey.

You collected 1985 gold pieces.
You spent 948 gold pieces at shops.

Inventory:

Hand Weapons
 b - the +11 hammer "Gram" (weapon) {spect, rElec Str+4 Dex+4 Stlth+}
   (You took it off an orc on level 5 of the Dungeon)

   Str+4:     It affects your strength (+4).
   Dex+4:     It affects your dexterity (+4).
   rElec:     It insulates you from electricity.
   Stlth+:    It makes you more stealthy.
 Y - the +6 Majin-Bo {spellvamp, MP+6 Int+6}
   (You took it off a necromancer on level 5 of the Lair of Beasts)

   Int+6:     It affects your intelligence (+6).
   MP+6:      It affects your magic capacity (+6).
Armour
 a - a scarf of resistance
 j - a +2 cloak (worn)
 p - a scarf of shadows
 u - a +2 robe of fire resistance (worn)
 v - a +2 pair of boots (worn)
 x - a +2 helmet of see invisible (worn)
 O - a +1 buckler (worn)
 U - a +2 hat
Magical Staves
 g - a staff of earth
 n - a staff of fire
 o - a staff of poison
 S - the staff of Ru's Indignation {rC+ Dex+2 Stlth+ Ice}
   (You found it on level 9 of the Dungeon)

   [staff of cold]

   Base accuracy: +5 Base damage: 5 Base attack delay: 1.2 This weapon's minimum
   attack delay (0.6) is reached at skill level 12.
   Dex+2:     It affects your dexterity (+2).
   rC+:       It protects you from cold.
   Stlth+:    It makes you more stealthy.
   Ice:       It increases the power of your Ice spells.
   It falls into the 'Staves' category.
   It is a one-handed weapon.
 X - a staff of air
Jewellery
 c - a ring of willpower
 f - a +5 ring of evasion
 h - a ring of ice
 k - an amulet of regeneration (around neck)
 D - a ring of protection from fire
 H - a ring of magical power
 J - a ring of protection from fire
 M - a ring of flight (right hand)
 N - a +6 ring of intelligence (left hand)
 P - a ring of protection from fire
 Q - a +5 ring of evasion
 R - a ring of willpower
 T - a +4 ring of slaying
 Z - an amulet of faith
Wands
 y - a wand of charming (22)
 z - a wand of flame (70)
 I - a wand of mindburst (47)
 V - a wand of quicksilver (5)
Scrolls
 r - 5 scrolls of fear
 s - 4 scrolls of enchant armour
 w - 4 scrolls of teleportation
 A - a scroll of vulnerability
 E - a scroll of fog
 F - a scroll of enchant weapon
 K - 3 scrolls of revelation
 W - 3 scrolls of identify
Potions
 d - 11 potions of might
 e - a potion of berserk rage
 l - a potion of curing
 m - a potion of haste
 t - 4 potions of cancellation
 B - 2 potions of resistance
 C - 3 potions of enlightenment
 G - 6 potions of brilliance


   Skills:
 - Level 9.0 Fighting
 - Level 5.0 Dodging
 - Level 2.4 Stealth
 - Level 5.0 Shields
 + Level 17.3 Spellcasting
 + Level 15.1 Conjurations
 - Level 8.4 Hexes
 - Level 7.0 Fire Magic
 * Level 17.4 Air Magic


You had 8 spell levels left.
You knew the following spells:

 Your Spells              Type           Power      Damage    Failure   Level
a - Magic Dart            Conj           100%       1d8       0%          1
b - Searing Ray           Conj           100%       2d8       0%          2
c - Fulminant Prism       Conj/Hex       44%        3d19      1%          4
d - Iskenderun's Mystic   Conj/Tloc      74%        2d15      1%          4
e - Airstrike             Air            52%        2d(8-24)  0%          4
f - Conjure Ball Lightni  Conj/Air       51%        3x3d18    1%          6
g - Summon Lightning Spi  Summ/Air       78%        N/A       1%          4
h - Freezing Cloud        Conj/Ice/Air   43%        6-21      1%          5
i - Arcjolt               Conj/Air       51%        1d61      1%          5
j - Plasma Beam           Fire/Air       45%        2x1d59    1%          6

Your spell library contained the following spells:

 Spells                   Type           Power      Damage    Failure   Level
 Starburst                Conj/Fire      43%        6d12      1%          6
 Shock                    Conj/Air       100%       1d9       0%          1
 Static Discharge         Conj/Air       100%       3-8/arc   0%          2
 Swiftness                Air            100%       N/A       0%          3
 Freeze                   Ice            100%       1d10      1%          1
 Sandblast                Erth           66%        2d15      1%          1
 Cigotuvi's Dreadful Rot  Necr/Pois/Air  100%       N/A       1%          2
 Dazzling Flash           Conj/Hex       100%       N/A       1%          3
 Ignite Poison            Fire/Tmut/Pois 50%        N/A       1%          3
 Tukima's Dance           Hex            78%        N/A       1%          3
 Fireball                 Conj/Fire      43%        3d17      1%          5
 Irradiate                Conj/Tmut      37%        3d24      1%          5
 Orb of Destruction       Conj           49%        9d13      1%          7
 Maxwell's Capacitive Co  Air            52%        ∞         1%          8
 Bombard                  Conj/Erth      37%        9d6       2%          6
 Call Canine Familiar     Summ           33%        N/A       4%          3
 Lee's Rapid Deconstruct  Erth           16%        3d10*     11%         5
 Animate Armour           Summ/Erth      66%        N/A       14%         4
 Dispel Undead            Necr           33%        3d14      14%         4
 Lehudib's Crystal Spear  Conj/Erth      37%        10d9      67%         8
 Death Channel            Necr           16%        N/A       91%         6
 Monstrous Menagerie      Summ           16%        N/A       100%        7
 Polar Vortex             Ice            16%        12d2*     100%        9


Dungeon Overview and Level Annotations

Branches:
Dungeon (10/15)            Temple (1/1) D:7            Lair (5/5) D:9
 Shoals (0/4) Lair:3        Snake (0/4) Lair:3        Slime (0/5) Lair:4
    Orc (2/2) D:10            Elf (2/3) Orc:2        Bailey (visited)

Altars:
Ashenzari
Cheibriados
Dithmenos
Elyvilon
Fedhas
Gozag
Hepliaklqana
Kikubaaqudgha
Makhleb
Nemelex Xobeh
Okawaru
Qazlal
Ru
Sif Muna
Trog
Uskayaw
Vehumet
Wu Jian
Xom
Yredelemnul
Zin
The Shining One
Jiyva

Shops:
D:4 :   D:7 !   Orc:1 (   Orc:2 =[(*   Elf:2 *

Annotations:
Lair:3 2 transporters, MysticSailboat's ghost, journeyman KoBr


Innate Abilities, Weirdness & Mutations

You are somewhat resistant to further mutation.
You occasionally lose the ability to read scrolls when taking damage.


Message History

The arrow barely misses you.
Aiming: Mindburst
Press: ? - help, Shift-Dir - straight line, f - deep elf archer
Aim: a deep elf archer, wielding a +0 shortbow and wearing a +0 leather armour (almost dead, repelling missiles, chance to affect: 16%)
Okay, then.
Casting: Airstrike (safe; 0% risk of failure)
Confirm with . or Enter, or press ? or * to list all spells.
Okay, then.
Casting: Airstrike (safe; 0% risk of failure)
Confirm with . or Enter, or press ? or * to list all spells.
Aiming: Magic Dart (safe; 0% risk of failure)
Press: ? - help, Shift-Dir - straight line, f - deep elf archer
Aim: a deep elf archer, wielding a +0 shortbow and wearing a +0 leather armour (almost dead, repelling missiles, 100% to hit)
The magic dart hits the deep elf archer.
You kill the deep elf archer!
Vehumet accepts your kill.
You feel your power returning.
A +3 long sword of holy wrath comes into view.
Unknown command.
As you read the scroll of teleportation, it crumbles to dust.
You feel strangely unstable.
Your surroundings suddenly seem different.
A deep elf zephyrmancer, a deep elf pyromancer, a +2 war axe of flaming and a +0 eveningstar of freezing come into view.
The deep elf zephyrmancer shouts!
The deep elf pyromancer shouts!
The +2 war axe of flaming closely misses you.
The deep elf zephyrmancer gestures at you while chanting.
The bolt of lightning hits you. You resist.
* * * LOW HITPOINT WARNING * * *
The +2 war axe of flaming hits you!
* * * LOW HITPOINT WARNING * * *
You hear a shout!
Unknown command.
Okay, then.
You feel yourself speed up.
The deep elf pyromancer casts a spell at you.
The sticky flame hits you. You resist.
You are covered in liquid flames!
* * * LOW HITPOINT WARNING * * *
The +0 eveningstar of freezing hits you!!
You die...

..... #....
#...##
##....##
.###......##
...........#
..e...(e...#
......(@...#
..#.......##
##.....##
##...##
#####


You could see a deep elf pyromancer, a deep elf zephyrmancer and 2 dancing
weapons.

Vanquished Creatures
  3 sphinxes (Elf:2)
  Gastronok (D:10)
  2 orc warlords
  3 dire elephants (Lair:5)
  A fire dragon (Lair:5)
  Fannar (Orc:1)
  10 hydras
  A hell beast (Elf:2)
  Erica (D:8)
  16 dancing weapons
  4 two-headed ogres
  5 death yaks (Lair:5)
  Nergalle (Lair:3)
  3 orc high priests
  9 deep elf knights
  A fire crab (Lair:3)
  A spectral anaconda (Lair:5)
  11 deep elf archers
  3 orc knights (Orc:2)
  A lindwurm (Lair:5)
  13 deep elf zephyrmancers
  3 necromancers (Lair:5)
  7 harpies (Elf:2)
  4 manticores (Elf:2)
  A shining eye (shapeshifter) (Elf:1)
  13 deep elf pyromancers
  4 orc sorcerers
  12 elephants (Lair:5)
  8 black mambas
  A merfolk siren (Lair:3)
  Joseph (D:7)
  A dire elephant zombie (Lair:5)
  9 cane toads
  2 kobold demonologists (D:9)
  11 rime drakes
  8 komodo dragons
  4 trolls
  2 polar bears
  A meliai (shapeshifter) (Elf:1)
  A hornet (D:10)
  28 blink frogs
  5 dream sheep (Lair:4)
  Sigmund (D:6)
  4 air elementals
  2 shadows
  3 water elementals
  5 wyverns
  53 yaks
  Eustachio (D:6)
  6 fire elementals
  4 wargs
  6 basilisks
  3 vampire mosquitoes (D:10)
  2 death yak simulacra (Lair:5)
  8 steam dragons
  Edmund (D:6)
  21 water moccasins
  An acid dragon (D:10)
  5 hell hounds
  41 orc warriors
  2 sky beasts (D:7)
  3 black bears
  13 ogres
  2 elephant zombies (Lair:5)
  18 wolves
  5 centaurs
  An elephant skeleton (Lair:5)
  Blork the orc (D:5)
  4 kobold brigands
  8 bullfrogs
  2 gnoll sergeants
  3 scorpions
  A cane toad simulacrum (Lair:5)
  4 wights (D:7)
  Dowan (D:5)
  An elephant simulacrum (Lair:5)
  13 killer bees
  2 howler monkeys
  7 electric eels
  7 hounds
  21 orc priests
  Crazy Yiuf (D:5)
  3 jellies
  Jessica (D:3)
  3 iguanas
  29 orc wizards
  6 hell rats (Lair:3)
  Terence (D:2)
  Robin (D:2)
  18 gnolls
  13 adders
  2 shadow imps
  2 white imps
  A worm (D:4)
  6 dart slugs
  105 orcs
  2 bats
  10 endoplasms
  3 giant cockroaches
  9 goblins
  8 hobgoblins
  7 jackals
  15 quokkas
  6 ball pythons
  6 frilled lizards
  26 kobolds
  4 rats
  3 fulminant prisms
794 creatures vanquished.

Vanquished Creatures (collateral kills)
  A dire elephant (Lair:5)
  An obsidian statue (Lair:5)
  A cane toad (Lair:1)
  A torpor snail (Lair:4)
  A komodo dragon (Lair:4)
  A blink frog (Lair:4)
  4 yaks (Lair:4)
  Duvessa (D:5)
  A bullfrog (Lair:2)
  22 ball lightnings
34 creatures vanquished.

Vanquished Creatures (others)
  278 ball lightnings
  150 fulminant prisms
428 creatures vanquished.

Grand Total: 1256 creatures vanquished

Notes
Turn   | Place    | Note
-------+----------+-------------------------------------------
     0 | D:1      | BlackBloode the Deep Elf Conjurer began the quest for the
                  | Orb.
     0 | D:1      | Reached XP level 1. HP: 10/10 MP: 6/6
   152 | D:1      | Reached XP level 2. HP: 16/16 MP: 1/8
   215 | D:1      | Learned a level 2 spell: Searing Ray
   720 | D:1      | Reached XP level 3. HP: 20/20 MP: 4/9
   881 | D:1      | Found a faded altar of an unknown god.
   893 | D:1      | Got Plato's Almanac of the Syncline
  1174 | D:2      | Noticed Terence
  1181 | D:2      | Killed Terence
  1182 | D:2      | Reached skill level 1 in Fighting
  1182 | D:2      | Reached skill level 5 in Conjurations
  1402 | D:2      | Reached XP level 4. HP: 24/25 MP: 7/11
  1503 | D:2      | Noticed Robin
  1512 | D:2      | Killed Robin
  2763 | D:3      | Reached XP level 5. HP: 29/29 MP: 10/13
  2857 | D:3      | Learned a level 4 spell: Fulminant Prism
  2906 | D:3      | Found an ancient bone altar of Kikubaaqudgha.
  3048 | D:3      | Noticed Jessica
  3050 | D:3      | Killed Jessica
  3053 | D:3      | Reached skill level 1 in Hexes
  3727 | D:4      | Found Yfit's Self-Published Books.
  3772 | D:4      | Reached XP level 6. HP: 35/35 MP: 6/14
  4077 | D:4      | Found a burning altar of Makhleb.
  5111 | D:5      | Entered Level 5 of the Dungeon
  5111 | D:5      | Noticed Blork the orc
  5115 | D:5      | Killed Blork the orc
  5182 | D:5      | Noticed a yak
  5187 | D:5      | Reached XP level 7. HP: 40/40 MP: 3/16
  5190 | D:5      | Killed a yak
  5191 | D:5      | Reached skill level 5 in Spellcasting
  5342 | D:5      | Reached skill level 5 in Hexes
  5481 | D:5      | Reached skill level 5 in Dodging
  5481 | D:5      | Reached XP level 8. HP: 45/45 MP: 12/18
  5670 | D:5      | Identified the +11 hammer "Gram" {spect, rElec Str+4 Dex+4
                  | Stlth+}
  5882 | D:5      | Noticed Dowan
  5884 | D:5      | Noticed Duvessa
  5887 | D:5      | Killed Dowan
  6004 | D:5      | Found a glowing golden altar of the Shining One.
  6137 | D:5      | Identified the +2 hammer "Qovoz" {protect, rN+}
  6144 | D:5      | Found a runed translucent door.
  6145 | D:5      | Noticed Crazy Yiuf
  6165 | D:5      | Killed Crazy Yiuf
  6426 | D:5      | Killed Duvessa
  6908 | D:6      | Noticed Edmund
  6918 | D:6      | Killed Edmund
  7026 | D:6      | Noticed Sigmund
  7028 | D:6      | Killed Sigmund
  7259 | D:6      | Noticed Eustachio
  7271 | D:6      | Killed Eustachio
  7272 | D:6      | Reached XP level 9. HP: 52/52 MP: 4/21
  7376 | D:6      | Learned a level 4 spell: Iskenderun's Mystic Blast
  7836 | D:7      | Found Uryow's Distillery.
  7864 | D:7      | Found a flagged portal.
  7874 | Bailey   | Entered a bailey
  8325 | Bailey   | Acquired the Guidebook on the Brume
  8334 | Bailey   | Learned a level 4 spell: Airstrike
  8609 | D:7      | Bought a potion of heal wounds for 55 gold pieces
  8609 | D:7      | Bought a potion of curing for 33 gold pieces
  9106 | D:7      | Noticed Joseph
  9110 | D:7      | Found a staircase to the Ecumenical Temple.
  9128 | Temple   | Entered the Ecumenical Temple
  9246 | Temple   | Became a worshipper of Vehumet
  9297 | D:7      | Killed Joseph
  9298 | D:7      | Reached skill level 5 in Fighting
  9298 | D:7      | Reached XP level 10. HP: 52/59 MP: 4/24
  9517 | D:7      | Reached skill level 5 in Air Magic
 10654 | D:8      | Noticed Erica
 10658 | D:8      | Reached * piety under Vehumet
 10658 | D:8      | Offered knowledge of Freeze by Vehumet.
 10665 | D:8      | Killed Erica
 10965 | D:8      | Found a stormy altar of Qazlal.
 11402 | D:8      | Reached skill level 1 in Shields
 11615 | D:9      | Reached ** piety under Vehumet
 11616 | D:9      | Reached XP level 11. HP: 64/64 MP: 4/26
 11779 | D:9      | Offered knowledge of Momentum Strike by Vehumet.
 11782 | D:9      | Found a staircase to the Lair.
 11897 | D:9      | Found a broken altar of Ashenzari.
 11982 | D:9      | Found a shadowy altar of Dithmenos.
 12218 | D:9      | Reached skill level 5 in Shields
 12727 | D:9      | Found a basalt altar of Yredelemnul.
 12750 | D:9      | Noticed a two-headed ogre
 12758 | D:9      | Killed a two-headed ogre
 12759 | D:9      | Reached skill level 10 in Spellcasting
 12763 | D:9      | Offered knowledge of Stone Arrow by Vehumet.
 12962 | D:9      | Identified the staff of Ru's Indignation {rC+ Dex+2 Stlth+
                  | Ice}
 13091 | D:9      | Found a white marble altar of Elyvilon.
 13123 | D:10     | Entered Level 10 of the Dungeon
 13130 | D:10     | Reached *** piety under Vehumet
 13135 | D:10     | Offered knowledge of Olgreb's Toxic Radiance by Vehumet.
 13146 | D:10     | Noticed a two-headed ogre
 13161 | D:10     | Killed a two-headed ogre
 13347 | D:10     | Noticed Gastronok
 13371 | D:10     | Killed Gastronok
 13509 | D:10     | Found a staircase to the Orcish Mines.
 13534 | D:10     | Noticed a two-headed ogre
 13544 | D:10     | Killed a two-headed ogre
 13635 | D:10     | Reached skill level 10 in Conjurations
 13678 | D:10     | Noticed a two-headed ogre
 13690 | D:10     | Killed a two-headed ogre
 13902 | D:10     | Reached **** piety under Vehumet
 13903 | D:10     | Reached XP level 12. HP: 71/71 MP: 26/29
 14175 | D:10     | Learned a level 6 spell: Conjure Ball Lightning
 14260 | Lair:1   | Entered Level 1 of the Lair of Beasts
 14522 | Lair:1   | Noticed a six-headed hydra
 14525 | Lair:1   | Killed a six-headed hydra
 14530 | Lair:1   | Offered knowledge of Yara's Violent Unravelling by Vehumet.
 14534 | Lair:1   | Reached skill level 10 in Air Magic
 14547 | Lair:1   | Learned a level 4 spell: Summon Lightning Spire
 15501 | Lair:1   | Acquired a staff of air
 16029 | Lair:2   | Reached ***** piety under Vehumet
 16534 | Lair:3   | Offered knowledge of Bombard by Vehumet.
 16545 | Lair:3   | Noticed a five-headed hydra
 16551 | Lair:3   | Killed a five-headed hydra
 16556 | Lair:3   | Reached XP level 13. HP: 23/78 MP: 12/31
 16751 | Lair:3   | Found a transporter.
 17152 | Lair:3   | Found a staircase to the Snake Pit.
 17168 | Lair:3   | Noticed Nergalle
 17170 | Lair:3   | Killed Nergalle
 17233 | Lair:3   | Noticed MysticSailboat's ghost (journeyman KoBr)
 17361 | Lair:3   | Found a transporter.
 17365 | Lair:3   | Found a transporter.
 17661 | Lair:3   | Found a transporter.
 17701 | Lair:3   | Found a staircase to the Shoals.
 17985 | Lair:4   | You fall into a shaft and drop 1 floor!
 17985 | Lair:5   | Entered Level 5 of the Lair of Beasts
 18048 | Lair:4   | Offered knowledge of Freezing Cloud by Vehumet.
 18537 | Lair:4   | Learned a level 5 spell: Freezing Cloud
 18592 | Lair:4   | Found a staircase to the Slime Pits.
 18592 | Lair:4   | Found a viscous altar of Jiyva.
 19004 | Lair:5   | Reached XP level 14. HP: 21/86 MP: 25/34
 19379 | Lair:5   | Offered knowledge of Spellforged Servitor by Vehumet.
 20222 | Lair:5   | Identified the +8 chain mail "Duocidug" {rPois Regen+}
 20277 | Lair:5   | Reached skill level 15 in Spellcasting
 21442 | Orc:1    | Entered Level 1 of the Orcish Mines
 21444 | Orc:1    | Noticed an orc warlord
 21451 | Orc:1    | Reached skill level 15 in Air Magic
 21459 | Orc:1    | Killed an orc warlord
 21607 | Orc:1    | Found Noro's Firing Range.
 22020 | D:4      | Bought the Directory of Servitor Tips and Tricks for 860
                  | gold pieces
 22252 | Orc:1    | Noticed Fannar
 22255 | Orc:1    | Killed Fannar
 22510 | Orc:2    | Entered Level 2 of the Orcish Mines
 22563 | Orc:2    | Reached ****** piety under Vehumet
 22635 | Orc:2    | Found a staircase to the Elven Halls.
 22880 | Orc:2    | Offered knowledge of Eringya's Noxious Bog by Vehumet.
 23032 | Orc:2    | Reached XP level 15. HP: 84/90 MP: 19/36
 23278 | Orc:2    | Found Gafemneu's Antique Armour Boutique.
 23280 | Orc:2    | Found Voabb's Jewellery Boutique.
 23620 | Orc:2    | Found Afoucyapra's General Store.
 23635 | Orc:2    | Found Jolo's Antique Weapon Boutique.
 23838 | Elf:1    | Entered Level 1 of the Elven Halls
 24164 | Elf:1    | Gained mutation: Potions are less effective at restoring
                  | your health. [a shining eye]
 24874 | Elf:1    | Learned a level 5 spell: Arcjolt
 25282 | Elf:1    | Paralysed by an air elemental for 1 turns
 25403 | Elf:1    | Got Nofayliu's Disquisition on Hapless Hail
 25415 | Elf:1    | Got the Handbook of the Transformed Retinue
 25429 | Elf:1    | Lost mutation: Potions are less effective at restoring your
                  | health. [potion of mutation]
 25429 | Elf:1    | Gained mutation: You occasionally lose the ability to read
                  | scrolls when taking damage. [potion of mutation]
 25429 | Elf:1    | Gained mutation: Potions are less effective at restoring
                  | your health. [potion of mutation]
 25429 | Elf:1    | Gained mutation: You are agile. (Dex +4, Str/Int -1)
                  | [potion of mutation]
 25429 | Elf:1    | Gained mutation: You are very agile. (Dex +8, Str/Int -2)
                  | [potion of mutation]
 25430 | Elf:1    | Lost mutation: You are very agile. (Dex +8, Str/Int -2)
                  | [potion of mutation]
 25430 | Elf:1    | Lost mutation: You are agile. (Dex +4, Str/Int -1) [potion
                  | of mutation]
 25430 | Elf:1    | Lost mutation: Potions are less effective at restoring your
                  | health. [potion of mutation]
 25430 | Elf:1    | Gained mutation: You are somewhat resistant to further
                  | mutation. [potion of mutation]
 25505 | Elf:1    | Learned a level 6 spell: Plasma Beam
 25867 | Elf:2    | Reached skill level 1 in Fire Magic
 25872 | Elf:2    | Noticed a sphinx
 26160 | Elf:2    | Paralysed by a sphinx for 2 turns
 26163 | Elf:2    | Killed a sphinx
 26168 | Elf:2    | Reached skill level 5 in Fire Magic
 26219 | Elf:2    | Noticed a sphinx
 26317 | Elf:2    | Killed a sphinx
 26363 | Elf:2    | Noticed a sphinx
 26519 | Elf:2    | Paralysed by a sphinx for 4 turns
 26524 | Elf:2    | Killed a sphinx
 26709 | Elf:2    | Offered knowledge of Starburst by Vehumet.
 26791 | Elf:2    | Paralysed by an air elemental for 1 turns
 26978 | Elf:2    | Reached XP level 16. HP: 96/96 MP: 29/38
 27343 | Elf:2    | Found a runed translucent gate.
 27344 | Elf:2    | Found a runed translucent gate.
 27344 | Elf:2    | Found a runed translucent gate.
 27533 | Elf:2    | Found Ripsur's Assorted Antiques.
 27675 | Elf:2    | Reached skill level 15 in Conjurations
 28133 | Elf:2    | Noticed a deep elf blademaster
 28181 | Elf:2    | Demolished by a +0 eveningstar of freezing

Illustrated notes

Levels and vault maps discovered:
D:1:      minmay_arrival_shoal_huts, layout_basic,
          shapermc_ecumenical_altar_rom_forum
D:2:      layout_basic, uniq_robin, uniq_terence
D:3:      layout_loops_cross, lemuel_coloured_pillars_altar, uniq_jessica
D:4:      layout_basic, lemuel_round_altar, gup_sewer_entry_pipe,
          nicolae_custom_books
D:5:      layout_basic, tso_oasis_becter, minmay_chambers_of_fives,
          uniq_duvessa, uniq_crazy_yiuf_cottage, uniq_blork_the_orc
D:6:      layout_basic, minmay_misc_feat_diagonals, uniq_eustachio, uniq_edmund,
          uniq_sigmund
D:7:      minmay_razor_zed, layout_basic, minmay_temple_entry_mist,
          serial_shops, shop, enter_bailey_2, uniq_joseph
D:8:      layout_rooms, nicolae_qazlal_style_of_elements, uniq_erica
D:9:      minmay_octagon_keep, layout_loops_ring, kennysheep_ying_yang,
          marbit_many_paths, overflow_temple_1_default,
          erik_lair_orcish_takeover, kennysheep_generic_room_2
D:10:     layout_roguey [special_room_orc], orc_0_dummy, minmay_orc_keep,
          uniq_gastronok
Temple:   jpeg_temple_clearing
Lair:1:   layout_regular_city, pdpol_lair_cavern_descent
Lair:2:   layout_regular_city, serial_bayou_lagoon_b
Lair:3:   gammafunk_cloud_chamber, layout_regular_city,
          elwin_shoals_entry_rooms, minmay_snake_entry_six_corridors,
          nzn_ghost_randoct, uniq_nergalle
Lair:4:   layout_gridlike, slime_entry_1, grunt_forest_large_clearing_hut,
          grunt_megastairs_2
Lair:5:   due_jungle_book, layout_big_grid, bobbens_dragon_lair_wall,
          infiniplex_staircase_pool_2, grunt_megastairs_1
Orc:1:    layout_caves, basic_altar, nicolae_shop_firing_range, uniq_fannar
Orc:2:    grunt_orc_cross, layout_diamond_mine
Elf:1:    layout_geoelf_diagonals, nicolae_elf_shapeshifter_party,
          dk_noncrumbling_4, serial_sigils_hangedman_carve
Elf:2:    nicolae_elf_blades_crystal_corner, layout_geoelf_octagon,
          serial_shops, nicolae_shop_gibbet_a_chance, special_room
          [special_room_mythical_zoo], nicolae_concentric_dashed_squares_mild

Skill      XL: |  1  2  3  4  5  6  7  8  9 10 11 12 13 14 15 16 |
---------------+-------------------------------------------------+-----
Dodging        | 3 4 5 |  5.0
Fighting       | 1 2 3 5 6 8 9 |  9.0
Conjurations   | 5 6 7 8 9 10 11 12 13 14 15 | 15.1
Spellcasting   | 4 5 6 8 9 11 12 14 15 16 17 | 17.3
Hexes          | 2 3 5 7 8 |  8.4
Air Magic      | 4 7 9 11 13 15 16 17 | 17.4
Shields        | 4 5 |  5.0
Fire Magic     | 7 |  7.0
Stealth        | |  2.4

Action                     |  1- 3 |  4- 6 |  7- 9 | 10-12 | 13-15 | 16-18 || total
---------------------------+-------+-------+-------+-------+-------+-------++-------
  Melee: Unarmed           |     2 |     1 |       |       |       |       ||     3
         Dagger            |       |     4 |       |       |       |       ||     4
         Mace              |       |       |    28 |    56 |    30 |     1 ||   115
         Staff             |       |       |       |    11 |    11 |       ||    22
   Cast: Magic Dart        |    32 |    47 |     3 |     3 |       |     1 ||    86
         Searing Ray       |    20 |    49 |    25 |     7 |     6 |       ||   107
         Fulminant Prism   |       |     5 |    61 |    75 |    12 |       ||   153
         Airstrike         |       |       |     6 |    65 |    88 |    42 ||   201
         Iskenderun's Myst |       |       |       |    18 |    22 |       ||    40
         Conjure Ball Ligh |       |       |       |    21 |   125 |       ||   146
         Summon Lightning  |       |       |       |     4 |    11 |       ||    15
         Freezing Cloud    |       |       |       |       |    16 |       ||    16
         Plasma Beam       |       |       |       |       |    52 |    10 ||    62
         Arcjolt           |       |       |       |       |     4 |       ||     4
  Evoke: Wand              |       |       |       |     4 |     1 |     1 ||     6
    Use: Scroll            |     1 |     2 |    12 |    11 |     4 |     5 ||    35
         Potion            |     1 |     1 |     4 |     5 |    14 |     5 ||    30
   Stab: Distracted        |       |       |       |     2 |       |       ||     2
         Sleeping          |       |       |       |     1 |       |       ||     1
 Armour: Robe              |     7 |    13 |    48 |   110 |   298 |    21 ||   497
  Dodge: Dodged            |     6 |    36 |    61 |   109 |    83 |     7 ||   302
  Block: Buckler           |       |       |       |    29 |    33 |     1 ||    63

Table legend: (Time is in decaauts)
 A = Elapsed time spent in this place.
 B = Non-inter-level travel time spent in this place.
 C = Inter-level travel time spent in this place.
 D = Time resting spent in this place.
 E = Time spent auto-exploring this place.
 F = Levels seen in this place.
 G = Mean time per level.
                   A        B        C        D        E       F      G
               +--------+--------+--------+--------+--------+-----+--------+
         Total |  28295 |  27188 |   1107 |   7165 |  15430 |  21 | 1347.4 |
       Dungeon |  13735 |  13064 |    671 |   2458 |   8545 |  10 | 1373.5 |
        Temple |    162 |    127 |     35 |    123 |      0 |   1 |  162.0 |
          Lair |   7452 |   7162 |    290 |   1627 |   4156 |   5 | 1490.4 |
  Orcish Mines |   1874 |   1832 |     42 |    381 |   1037 |   2 |  937.0 |
   Elven Halls |   4364 |   4296 |     68 |   2307 |   1439 |   2 | 2182.0 |
        Bailey |    706 |    706 |      0 |    269 |    252 |   1 |  706.0 |
               +--------+--------+--------+--------+--------+-----+--------+

Top non-repeatable levels by time:
   Elf:1: 2660 daAuts
  Lair:5: 2241 daAuts
     D:7: 2063 daAuts
     D:9: 1724 daAuts
   Elf:2: 1703 daAuts
     D:5: 1587 daAuts
     D:2: 1537 daAuts
     D:4: 1463 daAuts
  Lair:3: 1431 daAuts
  Lair:4: 1386 daAuts
  Lair:1: 1349 daAuts
   Orc:2: 1327 daAuts
     D:1: 1164 daAuts
    D:10: 1126 daAuts
     D:6: 1117 daAuts
